 Dungeon Crawl Stone Soup version 0.30-a0-808-g6e0788376e (webtiles) character file.

Game seed: 3921074218974893855

67 cforsyth the Sneak (level 4, -2/28 HPs)
             Began as a Kobold Brigand on Feb 26, 2023.
             Frozen to death by an endoplasm (4 damage)
             ... on level 2 of the Dungeon.
             The game lasted 00:02:42 (1427 turns).

cforsyth the Sneak (Kobold Brigand)                 Turns: 1427, Time: 00:02:42

Health: -2/28      AC: 23    Str:  8    XL:     4   Next: 40%
Magic:  4/4        EV: -5    Int: 15    God:
Gold:   127        SH:  0    Dex: 18    Spells: 3/3 levels left

rFire   . . .      SeeInvis .    a - +2 dagger
rCold   . . .      Faith    .    (no shield)
rNeg    . . .      Spirit   .    m - +8 orange crystal plate armour {Archmagi, Int+3 Clar}
rPois   .          Reflect  .    (no helmet)
rElec   .          Harm     .    c - +0 cloak
rCorr   .          Rampage  .    (no gloves)
Will    .....      Archmagi +    (no boots) Stlth Clarity +
                                 (no amulet)
HPRegen 0.24/turn                (no ring)
MPRegen 0.09/turn                (no ring)

@: no status effects
A: small, no large weapons, nightstalker 3
a: no special abilities


You were on level 2 of the Dungeon.
You visited 1 branch of the dungeon, and saw 2 of its levels.

You collected 127 gold pieces.

Inventory:

Hand Weapons
 a - a +2 dagger (weapon)
Missiles
 d - 12 poisoned darts (quivered)
 e - 3 curare-tipped darts
Armour
 b - a +0 robe
 c - a +0 cloak (worn)
 m - the +8 orange crystal plate armour (worn) {Archmagi, Int+3 Clar}
   (You took it off a hobgoblin on level 2 of the Dungeon)

   Int:       It affects your intelligence (+3).
   Clar:      It protects you against confusion.
Jewellery
 n - a ring of fire
Scrolls
 f - 2 scrolls of identify {unknown}
 k - a scroll of vulnerability {unknown}
Potions
 g - a potion of flight
 h - a potion of might
 i - a potion of invisibility {unknown}
 j - a potion of lignification {unknown}
 l - 2 potions of magic {unknown}


   Skills:
 + Level 3.0 Fighting
 + Level 3.6 Short Blades
 - Level 2.1 Throwing
 + Level 2.5 Dodging
 + Level 6.0 Stealth


You had 3 spell levels left.
You didn't know any spells.
Your spell library was empty.

Dungeon Overview and Level Annotations

Branches:
Dungeon (2/15)

Altars:

Shops:
D:2 *


Innate Abilities, Weirdness & Mutations

You are small and have problems with some larger weapons.
You are completely attuned to the shadows.


Message History

The adder is lightly wounded.
The rat bites you but does no damage. The adder bites you but does no damage.
The kobold hits you but does no damage.
You closely miss the adder.
The adder is lightly wounded.
The adder bites you but does no damage.
You hit the adder.
The adder is severely wounded.
The endoplasm hits you but does no damage.
The rat bites you but does no damage.
The kobold hits you with a +0 short sword.
* * * LOW HITPOINT WARNING * * *
The adder bites you but does no damage.
You closely miss the adder.
The adder is severely wounded.
The endoplasm completely misses you. The kobold hits you but does no damage.
The rat bites you.
* * * LOW HITPOINT WARNING * * *
The adder bites you but does no damage.
You miss the adder.
The adder is severely wounded.
The endoplasm freezes you.
You are frozen.
* * * LOW HITPOINT WARNING * * *
The rat bites you but does no damage. The kobold hits you but does no damage.
The adder bites you but does no damage.
You are too injured to fight recklessly!
You hit the adder.
You kill the adder!
The endoplasm hits you but does no damage.
The kobold hits you with a +0 short sword.
* * * LOW HITPOINT WARNING * * *
The rat bites you.
* * * LOW HITPOINT WARNING * * *
Your Stealth skill increases to level 6!
The kobold attacks as you move away! The kobold hits you but does no damage.
The rat bites you but does no damage. The endoplasm freezes you.
You are frozen.
You die...

#...................#...#.......#
#......##'###########...........#
#############.... #...........#
###⌠###8###8#.)... #...#........
...$................###.#.......#
....................# #.#.......)
....................# #.#.#######
#...##8###8#.KrJ...+ ..#.#
##...########...@...# ###
#8...8###..#.#######.
##...##....#. ### #..w####..#.
..#####.. ##.w.## ##.#.#
#.#...... #8...8####.#.#
#.#.....# ##...##....#.#
#.#...... #...#####.#.##########
#........ #.......##.#..........#
#........


You could see an endoplasm, a kobold and a rat.

Vanquished Creatures
  2 adders (D:2)
  A worm (D:2)
  An orc (D:2)
  5 ball pythons
  3 bats
  5 endoplasms
  4 giant cockroaches (D:1)
  4 goblins
  4 hobgoblins
  2 jackals (D:2)
  3 kobolds
  A quokka (D:2)
  3 frilled lizards
  3 rats
41 creatures vanquished.

Notes
Turn   | Place    | Note
-------+----------+-------------------------------------------
     0 | D:1      | cforsyth the Kobold Brigand began the quest for the Orb.
     0 | D:1      | Reached XP level 1. HP: 12/12 MP: 1/1
   100 | D:1      | Reached XP level 2. HP: 18/18 MP: 2/2
   442 | D:1      | Reached XP level 3. HP: 22/22 MP: 3/3
   636 | D:2      | Found Nuato's General Store.
  1039 | D:2      | Reached XP level 4. HP: 6/27 MP: 4/4
  1366 | D:2      | Found a faded altar of an unknown god.
  1393 | D:2      | HP: 1/28 [worm (1)]
  1427 | D:2      | Reached skill level 6 in Stealth
  1427 | D:2      | Frozen to death by an endoplasm

Illustrated notes

Levels and vault maps discovered:
D:1:      minmay_arrival_three_doors, layout_rooms, chequers_jeans
D:2:      layout_basic, serial_corexii_hall, chequers_hall_statues_wall_a,
          corexii_hall_statues_t, shapermc_ecumenical_altar_venn, serial_shops,
          shop, minmay_pentomino_u4

Skill      XL: |  1  2  3  4 |
---------------+-------------+-----
Short Blades   | 3 |  3.6
Dodging        | 2 |  2.5
Fighting       | 3 |  3.0
Stealth        | 6 |  6.0
Throwing       | |  2.1

Action                     |  1- 3 |  4- 6 || total
---------------------------+-------+-------++-------
  Melee: Dagger            |   106 |    40 ||   146
         Punch             |     1 |       ||     1
    Use: Potion            |     2 |       ||     2
   Stab: Sleeping          |    14 |       ||    14
 Armour: Robe              |    14 |       ||    14
         Crystal plate arm |       |    62 ||    62
  Dodge: Dodged            |    65 |     3 ||    68

Table legend: (Time is in decaauts)
 A = Elapsed time spent in this place.
 B = Non-inter-level travel time spent in this place.
 C = Inter-level travel time spent in this place.
 D = Time resting spent in this place.
 E = Time spent auto-exploring this place.
 F = Levels seen in this place.
 G = Mean time per level.
                   A        B        C        D        E       F      G
               +--------+--------+--------+--------+--------+-----+--------+
         Total |   1401 |   1361 |     40 |      0 |   1053 |   2 |  700.5 |
       Dungeon |   1401 |   1361 |     40 |      0 |   1053 |   2 |  700.5 |
               +--------+--------+--------+--------+--------+-----+--------+

Top non-repeatable levels by time:
     D:2: 873 daAuts
     D:1: 528 daAuts
